 Dungeon Crawl Stone Soup version 0.31.0-2-g5a2aebc5c2 (webtiles) character file.

Game seed: 10236216579226137850

28189 Leszczynek the Bludgeoner (level 13, -7/140 HPs)
             Began as an Oni Hexslinger on Jan 20, 2024.
             Was a High Priest of Okawaru.
             Mangled by a wolf spider simulacrum (8 damage)
             ... on level 4 of the Lair of Beasts.
             The game lasted 01:11:01 (16085 turns).

Leszczynek the Bludgeoner (Oni Hexslinger)         Turns: 16085, Time: 01:11:01

Health: -7/140     AC: 10    Str: 25    XL:     13   Next: 37%
Magic:  17/18      EV: 12    Int: 14    God:    Okawaru [*****.]
Gold:   1008       SH:  0    Dex: 11    Spells: 12/14 levels left

rFire   + . .        a - +0 giant club
rCold   + + .        (shield currently unavailable)
rNeg    . . .        F - +0 troll leather armour
rPois   .            K - +2 hat
rElec   .            M - scarf {rC+ rF+}
rCorr   .            (gloves unavailable)
SInv    .            (boots unavailable)
Will    +....        (no amulet)
Stlth   ++           f - +6 ring of strength
HPRegen 1.23/turn    z - +4 ring of protection
MPRegen 0.16/turn

%: no passive effects
@: heroic, hasted, very quick
A: large, unfitting armour, horns 1, tough skin 1, double potion healing,
drunken brawling, cold resistance 1, low MP 1
a: Renounce Religion, Heroism, Finesse, Duel


You were on level 4 of the Lair of Beasts.
You worshipped Okawaru.
Okawaru was extremely pleased with you.
You visited 3 branches of the dungeon, and saw 16 of its levels.
You also visited: Bailey and Ice Cave.

You collected 1008 gold pieces.

Inventory:

Hand Weapons
 a - a +0 giant club (weapon)
 b - the +1 arbalest of the Snake Pit {flame, Fly rC+++ Will- MP+9}
   (You found it on level 3 of the Dungeon)

   rC+++:     It renders you almost immune to cold.
   Will-:     It decreases your willpower.
   MP+9:      It affects your magic capacity (+9).
   Fly:       It grants you flight.
 H - a +0 giant spiked club
 J - a +4 mace
 P - a +1 broad axe of freezing
Missiles
 h - 4 poisoned darts
 r - 10 silver javelins
 w - 10 boomerangs (quivered)
Armour
 F - a +0 troll leather armour (worn)
 K - a +2 hat (worn)
 M - a scarf of resistance (worn)
 O - a +1 kite shield of cold resistance
Jewellery
 f - a +6 ring of strength (left hand)
 j - a ring of flight
 z - a +4 ring of protection (right hand)
 A - a ring of positive energy
 G - a ring of resist corrosion
Wands
 o - a wand of paralysis (19)
 t - a wand of mindburst (16)
 E - a wand of roots (9)
Scrolls
 c - 2 scrolls of fear
 d - a scroll of butterflies {unknown}
 e - 2 scrolls of silence {!r}
 k - a scroll of enchant armour
 m - 6 scrolls of poison
 p - 7 scrolls of teleportation
 v - 2 scrolls of noise {!r}
 y - a scroll of fog
 C - 3 scrolls of revelation
 I - a scroll of amnesia
 L - a scroll of blinking {unknown}
Potions
 g - 2 potions of curing {@q1}
 i - 4 potions of brilliance
 l - 2 potions of attraction {unknown}
 n - a potion of cancellation {unknown}
 q - a potion of mutation {!q}
 s - a potion of haste
 u - a potion of invisibility {unknown}
 x - 4 potions of lignification {!q}
 B - 7 potions of resistance
 N - a potion of enlightenment {unknown}
Miscellaneous
 D - a lightning rod (4/4)


   Skills:
 + Level 12.2(17.2) Fighting
 * Level 15.7(20.7) Maces & Flails
 - Level 1.3(6.3) Ranged Weapons
 - Level 6.1(11.1) Throwing
 - Level 4.0(9.0) Dodging
 - Level 1.2 Spellcasting
 - Level 4.0 Hexes
 - Level 4.3 Summonings
 - Level 0.8 Fire Magic
 + Level 9.9 Invocations
 - Level 2.0 Evocations


You had 12 spell levels left.
You knew the following spells:

 Your Spells              Type           Power      Damage    Failure   Level
a - Jinxbite              Hex            24%        N/A       9%          2

Your spell library contained the following spells:

 Spells                   Type           Power      Damage    Failure   Level
 Confusing Touch          Hex            12%        N/A       17%         3
 Sigil of Binding         Hex            12%        N/A       17%         3
 Kiss of Death            Conj/Necr      0%         2d5       28%         1
 Sandblast                Erth           0%         2d4       28%         1
 Sting                    Conj/Alch      0%         1d3       28%         1
 Inner Flame              Hex/Fire       7%         N/A       32%         3
 Mercury Vapours          Alch/Air       0%         N/A       41%         2
 Cause Fear               Hex            6%         N/A       50%         4
 Passwall                 Erth           0%         N/A       65%         3
 Stone Arrow              Conj/Erth      0%         3d7       65%         3
 Dimensional Bullseye     Hex/Tloc       3%         N/A       77%         4
 Brom's Barrelling Bould  Conj/Erth      0%         2d3       96%         4
 Dispel Undead            Necr           0%         3d6       96%         4
 Olgreb's Toxic Radiance  Alch           0%         N/A       96%         4
 Lehudib's Crystal Spear  Conj/Erth      0%         10d2      100%        8
 Call Canine Familiar     Summ           Unusable   N/A       N/A         3
 Animate Armour           Summ/Erth      Unusable   N/A       N/A         4

Dungeon Overview and Level Annotations

Branches:
Dungeon (11/15)            Temple (1/1) D:7            Lair (4/5) D:8
 Shoals (0/4) Lair:3       Spider (0/4) Lair:3        Slime (0/5) Lair:4
 Bailey (visited)           IceCv (visited)
    Orc: D:9-12

Altars:
Ashenzari
Cheibriados
Dithmenos
Elyvilon
Fedhas
Gozag
Hepliaklqana
Kikubaaqudgha
Makhleb
Nemelex Xobeh
Okawaru
Qazlal
Ru
Sif Muna
Trog
Uskayaw
Vehumet
Wu Jian
Xom
Yredelemnul
Zin
The Shining One

Shops:
D:2 (

Annotations:
D:1 2 transporters
D:5 vault not fully explored
D:8 lair
Lair:4 1 transporter


Innate Abilities, Weirdness & Mutations

You are too large for most types of armour.
You have a pair of small horns on your head.
You have tough skin. (AC +1)
You gain doubled healing and magic from potions.
Whenever you drink a healing potion, you attack all around you.
Your flesh is cold resistant. (rC+)
Your magical capacity is low. (-10% MP)


Message History

The dire elephant simulacrum freezes you!
You resist.
The water moccasin simulacrum bites you but does no damage.
You bludgeon the wolf spider simulacrum!!
You headbutt the wolf spider simulacrum!
The wolf spider simulacrum is almost destroyed.
The wolf spider simulacrum hits you! The wolf spider simulacrum freezes you.
You resist.
The wolf spider simulacrum bites you but does no damage.
The water moccasin simulacrum misses you.
The dire elephant simulacrum completely misses you.
The dire elephant simulacrum trunk-slaps you!
The dire elephant simulacrum freezes you!
You resist. The wolf spider simulacrum hits you!
The wolf spider simulacrum freezes you. You resist.
The wolf spider simulacrum bites you but does no damage.
The water moccasin simulacrum attacks as it pursues you!
The water moccasin simulacrum bites you but does no damage.
The wolf spider simulacrum hits you. The wolf spider simulacrum freezes you!
You resist.
* * * LOW HITPOINT WARNING * * *
The wolf spider simulacrum bites you!
* * * LOW HITPOINT WARNING * * *
The wolf spider simulacrum freezes you! You resist.
* * * LOW HITPOINT WARNING * * *
There is a transporter landing site, spattered with blood here.
Okay, then.
Okay, then.
Okay, then.
You feel yourself speed up.
The water moccasin simulacrum bites you but does no damage.
The dire elephant simulacrum tramples you.
* * * LOW HITPOINT WARNING * * *
You hold your ground!
The dire elephant simulacrum completely misses you.
The wolf spider simulacrum hits you!
* * * LOW HITPOINT WARNING * * *
The wolf spider simulacrum freezes you! You resist.
You die...

.# #...............# .#
##......#.....#.# ##
#....#.##....# #
#############.##.#
#○°..○########.###
####°○○..#☼☼☼°°○#.##
#P##○°°°°#☼°○°○°#..##
##..#?[○°○°.#Z#○○#...##
#..©#©"☼°○○.ZZ@○☼#©...# ### #
#...#([○☼○°.#Z#Z☼#....### #.###
###..##○.○○°#○°Z.○○#...###.##.P#.
....###..○°.#○°☼°°○#...# #......
...#.##○○○..########.P## #..#.#.
..##.######## #...## #..#.##
###### ###...######.##### #...##
##.....P#.#.....# # .....#
#..............#.##


You could see a water moccasin simulacrum, 2 dire elephant simulacra, a bullfrog
simulacrum, a cane toad simulacrum and a wolf spider simulacrum.

Vanquished Creatures
  3 two-headed ogres
  A skyshark (Lair:3)
  2 bog bodies (IceCv)
  A manticore (D:11)
  An ugly thing (IceCv)
  12 cane toads
  An ice statue (IceCv)
  A gargoyle (D:11)
  A rime drake (Lair:2)
  Jeremiah (D:8)
  An unseen horror (D:10)
  An anaconda simulacrum (IceCv)
  3 komodo dragons
  3 trolls
  2 hornets
  8 blink frogs
  33 yaks
  4 steam dragons
  6 wyverns
  3 vampire mosquitoes (D:11)
  5 basilisks
  Menkaure (D:7)
  2 death yak simulacra (IceCv)
  4 redbacks (Lair:3)
  An acid dragon (D:11)
  14 water moccasins
  A hydra simulacrum (Lair:4)
  An ice beast (D:6)
  8 orc warriors
  5 black bears
  5 centaurs
  9 wolves
  A phantom (D:5)
  4 scorpions
  12 bullfrogs
  2 cane toad simulacra (IceCv)
  6 wights
  5 two-headed ogre simulacra (IceCv)
  4 elephant simulacra
  2 howler monkeys
  4 bombardier beetles
  4 hounds
  4 jellies (Lair:4)
  3 orc priests
  A gnoll bouda (D:5)
  14 orc wizards
  6 iguanas
  A sleepcap (D:8)
  4 hell rats
  3 polar bear simulacra
  3 spriggan simulacra (IceCv)
  5 troll simulacra (IceCv)
  4 wolf simulacra (IceCv)
  8 adders
  6 naga simulacra (IceCv)
  A shadow imp (D:5)
  6 white imps
  10 ufetubi
  4 dart slugs
  A ribbon worm (D:5)
  32 orcs
  5 bats
  8 endoplasms
  4 giant cockroaches
  8 hobgoblins
  14 jackals
  2 quokkas
  4 ball pythons
  A frilled lizard (D:2)
  11 goblins
  3 kobolds
  9 rats
373 creatures vanquished.

Vanquished Creatures (collateral kills)
  An adder (D:5)
1 creature vanquished.

Grand Total: 374 creatures vanquished

Notes
Turn   | Place    | Note
-------+----------+-------------------------------------------
     0 | D:1      | Leszczynek the Oni Hexslinger began the quest for the Orb.
     0 | D:1      | Reached XP level 1. HP: 19/19 MP: 2/2
    24 | D:1      | Reached skill level 2 in Fighting
   157 | D:1      | Reached XP level 2. HP: 28/29 MP: 3/3
   179 | D:1      | Learned a level 2 spell: Jinxbite
   232 | D:1      | Reached skill level 3 in Fighting
   281 | D:1      | Found a faded altar of an unknown god.
   407 | D:1      | Reached XP level 3. HP: 39/39 MP: 4/4
   414 | D:1      | Reached skill level 4 in Fighting
   945 | D:2      | Reached skill level 1 in Maces & Flails
   997 | D:2      | Reached XP level 4. HP: 43/49 MP: 5/5
  1027 | D:2      | Found Arricygi's Weapon Emporium.
  1055 | D:2      | Learned a level 3 spell: Call Canine Familiar
  1434 | D:2      | Reached skill level 2 in Maces & Flails
  1735 | D:3      | Reached XP level 5. HP: 12/55 MP: 6/6
  1735 | D:3      | HP: 11/55 [poisoned by an adder]
  1947 | D:3      | Identified the +1 arbalest of the Snake Pit {flame, Fly
                  | rC+++ Will- MP+9}
  1997 | D:3      | Reached skill level 5 in Fighting
  2416 | D:4      | Found a snail-covered altar of Cheibriados.
  2555 | D:4      | Reached skill level 3 in Maces & Flails
  2687 | D:4      | Found an opulent altar of Gozag.
  3060 | D:4      | Reached skill level 4 in Maces & Flails
  3060 | D:4      | Reached XP level 6. HP: 66/66 MP: 4/7
  3279 | D:5      | Entered Level 5 of the Dungeon
  3308 | D:5      | Noticed a black bear
  3385 | D:5      | Reached skill level 5 in Maces & Flails
  3532 | D:5      | Reached skill level 1 in Summonings
  3532 | D:5      | Reached XP level 7. HP: 65/72 MP: 6/8
  3557 | D:5      | Reached skill level 6 in Maces & Flails
  3670 | D:5      | Reached skill level 2 in Summonings
  3946 | D:5      | Noticed a yak
  4254 | D:5      | Reached skill level 7 in Maces & Flails
  4254 | D:5      | Reached XP level 8. HP: 75/80 MP: 6/9
  4551 | D:6      | Reached skill level 3 in Summonings
  4715 | D:6      | Found a burning altar of Makhleb.
  4716 | D:6      | Noticed an Executioner
  4720 | D:6      | Noticed a hellwing
  4720 | D:6      | Noticed a hellwing
  5211 | D:6      | Reached skill level 8 in Maces & Flails
  5874 | D:7      | Found a staircase to the Ecumenical Temple.
  5882 | Temple   | Entered the Ecumenical Temple
  5895 | Temple   | Became a worshipper of Warmaster Okawaru
  5979 | D:7      | HP: 16/80 [steam dragon/ball of steam (22)]
  5985 | D:7      | Reached skill level 4 in Summonings
  5991 | D:7      | Reached skill level 6 in Fighting
  6169 | D:7      | Reached * piety under Okawaru
  6170 | D:7      | Reached XP level 9. HP: 40/92 MP: 7/10
  6189 | D:7      | Noticed Menkaure
  6359 | D:7      | Found a flagged portal.
  6370 | Bailey   | Entered a bailey
  6804 | D:7      | Killed Menkaure
  6805 | D:7      | Reached skill level 7 in Fighting
  6805 | D:7      | Reached skill level 9 in Maces & Flails
  6805 | D:7      | Reached skill level 1 in Throwing
  7542 | D:5      | Reached skill level 2 in Throwing
  7712 | D:8      | Noticed Jeremiah
  7906 | D:8      | HP: 11/93 [centaur/arrow (10)]
  7907 | D:8      | HP: 4/93 [constriction (2)]
  7910 | D:8      | wow
  8105 | D:8      | Killed Jeremiah
  8202 | D:8      | Reached ** piety under Okawaru
  8203 | D:8      | Reached skill level 8 in Fighting
  8203 | D:8      | Reached skill level 10 in Maces & Flails
  8203 | D:8      | Reached skill level 3 in Throwing
  8294 | D:8      | Gained mutation: Your magical capacity is low. (-10% MP)
                  | [potion of mutation]
  8294 | D:8      | Gained mutation: Your flesh is cold resistant. (rC+)
                  | [potion of mutation]
  8577 | D:9      | Reached XP level 10. HP: 90/106 MP: 2/10
  8773 | D:9      | Identified the +8 trident of Breathing Terror {elec, rPois
                  | Str-4 Int+3 SInv}
  8794 | D:8      | HP: 21/106 [poisoned by an orc]
  8799 | D:8      | HP: 17/106 [poisoned by an orc]
  9064 | D:9      | Reached skill level 4 in Throwing
  9421 | D:9      | Reached *** piety under Okawaru
  9422 | D:9      | Reached skill level 9 in Fighting
  9536 | D:9      | Reached skill level 11 in Maces & Flails
  9553 | D:9      | Reached skill level 1 in Invocations
  9776 | D:9      | Reached skill level 2 in Invocations
  9958 | D:10     | Entered Level 10 of the Dungeon
  9990 | D:10     | Reached skill level 5 in Throwing
 10156 | D:10     | Reached skill level 2 in Dodging
 10163 | D:10     | Reached **** piety under Okawaru
 10174 | D:10     | Reached skill level 3 in Invocations
 10196 | D:10     | Reached skill level 3 in Dodging
 10321 | D:10     | Reached XP level 11. HP: 111/115 MP: 12/12
 10353 | D:10     | Reached skill level 12 in Maces & Flails
 10490 | D:10     | Reached skill level 4 in Invocations
 10497 | D:10     | Reached skill level 4 in Dodging
 10629 | D:10     | Reached ***** piety under Okawaru
 10630 | D:10     | Reached skill level 1 in Evocations
 10752 | D:10     | Reached skill level 5 in Invocations
 10975 | D:10     | Noticed a two-headed ogre
 10986 | D:10     | HP: 20/115 [two-headed ogre/+0 giant spiked club (4)]
 11002 | D:10     | Killed a two-headed ogre
 11002 | D:10     | Received a gift from Okawaru
 11019 | D:10     | Reached skill level 2 in Evocations
 11635 | D:11     | Noticed a two-headed ogre
 11654 | D:11     | Killed a two-headed ogre
 11655 | D:11     | Reached skill level 10 in Fighting
 11846 | D:11     | Noticed a two-headed ogre
 11861 | D:11     | Killed a two-headed ogre
 11862 | D:11     | Reached skill level 13 in Maces & Flails
 11862 | D:11     | Reached skill level 6 in Invocations
 11871 | D:11     | Received a gift from Okawaru
 12167 | D:11     | Noticed a manticore
 12183 | D:11     | Killed a manticore
 12189 | D:11     | Reached skill level 3 in Hexes
 12544 | D:8      | Reached XP level 12. HP: 124/127 MP: 13/15
 12558 | D:8      | Found a staircase to the Lair.
 12648 | Lair:1   | Entered Level 1 of the Lair of Beasts
 12678 | D:8      | Reached skill level 7 in Invocations
 13034 | Lair:2   | Received a gift from Okawaru
 13040 | Lair:2   | Reached skill level 4 in Hexes
 13110 | Lair:2   | Reached skill level 14 in Maces & Flails
 13639 | Lair:3   | Paralysed by a hornet for 2 turns
 13784 | Lair:1   | Reached skill level 8 in Invocations
 13916 | Lair:3   | Noticed a skyshark
 13934 | Lair:3   | Killed a skyshark
 13975 | Lair:3   | Reached skill level 11 in Fighting
 14091 | Lair:3   | Reached skill level 6 in Throwing
 14244 | Lair:3   | Received a gift from Okawaru
 14420 | Lair:3   | Reached skill level 15 in Maces & Flails
 14421 | Lair:3   | Reached skill level 9 in Invocations
 14421 | Lair:3   | Reached XP level 13. HP: 58/137 MP: 14/17
 14509 | Lair:3   | Found a hole to the Spider Nest.
 14643 | Lair:3   | Found a staircase to the Shoals.
 14899 | Lair:4   | Found a staircase to the Slime Pits.
 15025 | Lair:4   | Found a transporter.
 15157 | Lair:4   | Found a frozen archway.
 15282 | IceCv    | Entered an ice cave
 15379 | IceCv    | Received a gift from Okawaru
 15380 | IceCv    | Reached skill level 12 in Fighting
 15993 | Lair:4   | Found a transporter.
 16084 | Lair:4   | HP: 24/140 [wolf spider simulacrum (9)]
 16085 | Lair:4   | HP: 1/140 [wolf spider simulacrum (13)]
 16085 | Lair:4   | Mangled by a wolf spider simulacrum

Illustrated notes

..###.... .# .
......... .# .#
........ ###.##.##
###....
#.......#####......
#.............##...
#..................
###.......########.#.
#...@.....# #.##
#.#.......# #..
######### ####


Turn 7910 on D:8: wow

Levels and vault maps discovered:
D:1:      spicycebolla_arrival_transporter_tutorial, layout_loops_ring,
          shapermc_ecumenical_altar_notcrosses
D:2:      layout_rooms, serial_shops, nicolae_shop_gibbet_a_chance
D:3:      layout_loops_ring
D:4:      layout_cave_pods, mainiacjoe_overflow_boulevard,
          grunt_gozag_breadcrumbs, columned_hall_lemuel
D:5:      kennysheep_windowed_halls, layout_loops_ring
D:6:      layout_loops_corners, makhleb_altar_promises_db
D:7:      layout_basic, minmay_temple_entry_overgrown, enter_bailey_5,
          uniq_menkaure
D:8:      layout_rooms, erik_lair_dragon, uniq_jeremiah
D:9:      layout_layer_cave
D:10:     layout_rooms, minivault_25_ag, evilmike_butchery
D:11:     layout_loops_ring, chequers_serial_rivers_small_a
Temple:   nicolae_temple_bog_church
Lair:1:   layout_regular_city, beast_lair_carwin_8, grunt_megastairs_4
Lair:2:   layout_cave_pods, st_stairs_13
Lair:3:   layout_roguey, shoals_dummy_entry, spider_nest_entry_a
Lair:4:   gammafunk_cloud_chamber, layout_gridlike,
          nicolae_slime_entry_slimehenge, portal_ice_cave_entry_ice_simulacra,
          grunt_megastairs_2

Skill      XL: |  1  2  3  4  5  6  7  8  9 10 11 12 13 |
---------------+----------------------------------------+-----
Fighting       | 2 3 4 5 6 8 9 10 11 12 | 12.2
Maces & Flails | 1 2 4 5 7 8 10 11 13 15 | 15.7
Summonings     | 1 2 4 |  4.3
Throwing       | 3 5 6 |  6.1
Invocations    | 3 6 9 |  9.9
Dodging        | 3 4 |  4.0
Evocations     | 2 |  2.0
Hexes          | 3 4 |  4.0
Ranged Weapons | |  1.3
Spellcasting   | |  1.2
Fire Magic     | |  0.8

Action                     |  1- 3 |  4- 6 |  7- 9 | 10-12 | 13-15 || total
---------------------------+-------+-------+-------+-------+-------++-------
  Melee: Mace              |       |    25 |   264 |   505 |     5 ||   799
         Headbutt          |       |       |    49 |   146 |    55 ||   250
         Punch             |       |       |     2 |     9 |       ||    11
         Giant club        |       |       |       |   191 |   214 ||   405
   Fire: Sling             |   137 |   124 |       |       |       ||   261
         Arbalest          |       |    20 |    13 |     4 |     2 ||    39
  Throw: Dart              |       |       |       |    12 |     6 ||    18
         Boomerang         |       |       |       |     1 |    10 ||    11
   Cast: Jinxbite          |       |     1 |    11 |    57 |     2 ||    71
         Call Canine Famil |       |       |     3 |       |       ||     3
 Invoke: Heroism           |       |       |       |     6 |     2 ||     8
  Evoke: Wand              |       |       |       |     1 |       ||     1
    Use: Potion            |       |     1 |     5 |     4 |     1 ||    11
         Scroll            |       |       |     9 |     9 |       ||    18
   Stab: Distracted        |       |       |     1 |       |       ||     1
 Armour: Robe              |    58 |    87 |   249 |    83 |       ||   477
         Skin              |       |       |     3 |       |       ||     3
         Troll leather arm |       |       |       |   476 |   140 ||   616
  Dodge: Dodged            |    70 |    75 |   139 |   288 |    92 ||   664
